 Dungeon Crawl Stone Soup version 0.31-a0-154-g56bf346678 (webtiles) character file.

Game seed: 13200322511938463777

86 jasper the Caller (level 4, -4/18 HPs)
             Began as a Spriggan Summoner on June 11, 2023.
             Was a Follower of Hepliaklqana.
             Killed by divine providence
             ... invoked by an orc priest
              (11 damage)
             ... on level 3 of the Dungeon.
             The game lasted 00:04:04 (2017 turns).

jasper the Caller (Spriggan Summoner)               Turns: 2017, Time: 00:04:05

Health: -4/18      AC:  2    Str:  4    XL:     4   Next: 26%
Magic:  3/9        EV: 17    Int: 18    God:    Hepliaklqana [*.....]
Gold:   38         SH:  0    Dex: 15    Spells: 3/9 levels left

rFire   . . .        d - +0 spear
rCold   . . .        (no shield)
rNeg    . . .        a - +0 robe
rPois   .            (helmet restricted)
rElec   .            j - scarf {repulsion}
rCorr   .            (gloves unavailable)
SInv    +            (boots unavailable)
Will    .....        (no amulet)
Stlth   ++           (no ring)
HPRegen 0.23/turn    (no ring)
MPRegen 0.11/turn

%: repel missiles
@: very quick
A: reduced essence, very small, no large weapons, unfitting armour, see
invisible, speed 3
a: Renounce Religion, Recall Ancestor, Ancestor Identity


You were on level 3 of the Dungeon.
You worshipped Hepliaklqana.
Hepliaklqana was aware of your devotion.
You visited 1 branch of the dungeon, and saw 3 of its levels.

You collected 78 gold pieces.
You spent 40 gold pieces at shops.

Inventory:

Hand Weapons
 c - a +0 dagger
 d - a +0 spear (weapon)
 h - a +0 short sword of protection
Armour
 a - a +0 robe (worn)
 j - a scarf of repulsion (worn)
Scrolls
 e - a scroll of fog
Potions
 b - a potion of magic
 f - a potion of cancellation
 g - a potion of brilliance {unknown}
 i - a potion of attraction {unknown}
 k - a potion of resistance {unknown}


   Skills:
 - Level 2.6 Dodging
 - Level 3.0 Stealth
 - Level 3.0 Spellcasting
 + Level 4.7 Summonings


You had 3 spell levels left.
You knew the following spells:

 Your Spells              Type           Power      Damage    Failure   Level
a - Summon Small Mammal   Summ           76%        N/A       2%          1
b - Call Imp              Summ           38%        N/A       3%          2
c - Call Canine Familiar  Summ           19%        N/A       7%          3

Your spell library contained the following spells:

 Spells                   Type           Power      Damage    Failure   Level
 Summon Guardian Golem    Hex/Summ       11%        N/A       19%         3
 Summon Lightning Spire   Summ/Air       11%        N/A       52%         4


Dungeon Overview and Level Annotations

Branches:
Dungeon (3/15)

Altars:
Hepliaklqana
The Shining One

Shops:
D:2 ?


Innate Abilities, Weirdness & Mutations

Your life essence is reduced to manifest your ancestor. (-10% HP)
You are very small and have problems with some larger weapons.
You are too small for most types of armour.
You have supernaturally acute eyesight. (SInv)
You cover ground extremely quickly. (Speed+++)


Message History

Press: ? - help, Dir - move target, f - orc
Aim: an orc, wielding a +0 falchion (ally target) Attack!
Matia hits the orc.
Your hound misses the orc.
The orc hits your hound with a +0 falchion.
Things that are here:
a +0 hand axe; a +0 leather armour Your hound barely misses the orc.
Your cerulean imp hits the orc from afar with a -3 spear.
Matia hits the orc.
The orc hits your hound with a +0 falchion.
Your hound bites the orc.
The orc dies!
Something hits Matia.
You swap places.
An orc priest comes into view. It is wielding a +0 short sword.
An orc wizard comes into view. It is wielding a +0 dagger.
You swap places.
Things that are here:
a +0 morningstar; an orc corpse You swap places.
Your hound disappears in a puff of smoke!
Matia hits the orc priest.
The orc priest barely misses you. What are your orders? t - Shout!
Orders for allies: a - Attack new target. r - Retreat! s - Stop attacking. g - Guard the area. f - Follow me.
Anything else - Cancel.
Okay, then.
Your cerulean imp hits the orc priest but does no damage.
Matia hits the orc priest.
Casting: Call Canine Familiar (extremely dangerous; 7% risk of failure)
Confirm with . or Enter, or press ? or * to list all spells.
The spell is extremely dangerous to miscast (7% risk of failure)!
Continue anyway?
The orc priest invokes the aid of Beogh against you.
Beogh smites you!
Ouch! That really hurt!
You die...

#.#.#.####
...#.... .
....# ..
####.### ...
#..)...####
....
#......<..#
.....
#..)...##......
......#R5)...#
#####
...o.)oh@#####
......##.#
...... #.#
..... #.. ....#
#### ####


You could see the friendly Matia the ancestor, an orc priest (ally target), an
orc wizard, a friendly hound (summoned) and a friendly cerulean imp (summoned).

Vanquished Creatures
  A dart slug (D:1)
  An orc (D:3)
  3 endoplasms (D:1)
  A giant cockroach (D:1)
  A goblin (D:2)
  3 kobolds
  A quokka (D:1)
  2 ball pythons
  5 bats
  2 rats (D:1)
20 creatures vanquished.

Vanquished Creatures (collateral kills)
  Terence (D:2)
  6 orcs (D:3)
  2 ball pythons (D:1)
  A bat (D:1)
  2 endoplasms (D:1)
  2 giant cockroaches (D:1)
  3 goblins
  2 hobgoblins (D:1)
  A quokka (D:1)
  2 frilled lizards
  4 kobolds
  3 rats (D:1)
29 creatures vanquished.

Vanquished Creatures (others)
  An ancestor (D:2)
1 creature vanquished.

Grand Total: 50 creatures vanquished

Notes
Turn   | Place    | Note
-------+----------+-------------------------------------------
     0 | D:1      | jasper the Spriggan Summoner began the quest for the Orb.
     0 | D:1      | Reached XP level 1. HP: 9/9 MP: 5/5
   230 | D:1      | Reached XP level 2. HP: 13/13 MP: 5/7
   233 | D:1      | Learned a level 2 spell: Call Imp
   609 | D:1      | Reached skill level 4 in Summonings
   614 | D:1      | Reached XP level 3. HP: 13/16 MP: 6/8
   620 | D:1      | Learned a level 3 spell: Call Canine Familiar
   658 | D:1      | Found a faded altar of an unknown god.
   742 | D:1      | Prayed at the altar of an unknown god.
   742 | D:1      | Became a worshipper of Hepliaklqana the Forgotten
   742 | D:1      | Reached * piety under Hepliaklqana
   875 | D:2      | Found Buanotse's Magic Scroll Shop.
   880 | D:2      | Bought a scroll of fog for 40 gold pieces
   938 | D:2      | Noticed Terence
   998 | D:2      | Killed Terence
  1431 | D:2      | Found a glowing golden altar of the Shining One.
  1450 | D:2      | Reached XP level 4. HP: 18/18 MP: 6/9
  2017 | D:3      | Killed from afar by an orc priest

Illustrated notes

Levels and vault maps discovered:
D:1:      dpeg_arrival_yet_another_circle, layout_rooms,
          hellmonk_ecumenical_altar_defaced_shrine
D:2:      layout_basic, serial_shops, shop, basic_altar, uniq_terence
D:3:      layout_rooms, minmay_three_crescents

Skill      XL: |  1  2 |
---------------+-------+-----
Spellcasting   | 3 |  3.0
Summonings     | 4 |  4.7
Dodging        | |  2.6
Stealth        | |  3.0

Action                     |  1- 3 |  4- 6 || total
---------------------------+-------+-------++-------
  Melee: Spear             |    67 |    12 ||    79
         Punch             |     1 |       ||     1
   Cast: Summon Small Mamm |    15 |       ||    15
         Call Imp          |    13 |     1 ||    14
         Call Canine Famil |     3 |     3 ||     6
    Use: Scroll            |     1 |       ||     1
   Stab: Sleeping          |     2 |     1 ||     3
 Armour: Robe              |    10 |     1 ||    11
  Dodge: Dodged            |    64 |     8 ||    72

Table legend: (Time is in decaauts)
 A = Elapsed time spent in this place.
 B = Non-inter-level travel time spent in this place.
 C = Inter-level travel time spent in this place.
 D = Time resting spent in this place.
 E = Time spent auto-exploring this place.
 F = Levels seen in this place.
 G = Mean time per level.
                   A        B        C        D        E       F      G
               +--------+--------+--------+--------+--------+-----+--------+
         Total |   1495 |   1444 |     51 |    137 |    908 |   3 |  498.3 |
       Dungeon |   1495 |   1444 |     51 |    137 |    908 |   3 |  498.3 |
               +--------+--------+--------+--------+--------+-----+--------+

Top non-repeatable levels by time:
     D:2: 782 daAuts
     D:1: 668 daAuts
     D:3: 45 daAuts
